 Dungeon Crawl Stone Soup version 0.28-b1-1-g3c77fb2 (webtiles) character file.

Game seed: 17219907769897180942

5023 BALLS the Carver (level 10, -21/53 HPs)
             Began as a Vine Stalker Fighter on Jan 27, 2022.
             Was an Elder of Okawaru.
             Demolished by a shadow (27 damage)
             ... on level 9 of the Dungeon.
             The game lasted 00:26:10 (8823 turns).

BALLS the Carver (Vine Stalker Fighter)             Turns: 8823, Time: 00:26:10

Health: -21/53     AC:  4    Str: 24    XL:     10   Next: 55%
Magic:  0/23       EV: 13    Int:  8    God:    Okawaru [****..]
Gold:   768        SH:  5    Dex: 15    Spells: 9/9 levels left

rFire   . . .      SeeInvis .   a - +0 long sword
rCold   . . .      Faith    .   c - +0 buckler
rNeg    . . .      Spirit   +   b - +0 scale mail
rPois   +          Reflect  .   (no helmet)
rElec   .          Harm     .   (no cloak)
rCorr   .          Rampage  .   (no gloves)
Will    ++...                   f - +0 pair of boots
Stlth   ..........              (no amulet)
HPRegen 0.97/turn               x - ring "Unnuoth" {Will+ MP+9 EV+4 Dex+2}
MPRegen 0.18/turn               q - ring of poison resistance

@: corroded
A: fangs 3, regeneration 1, magic shield, antimagic bite, no potion heal 2
a: Renounce Religion, Heroism, Finesse


You were on level 9 of the Dungeon.
You worshipped Okawaru.
Okawaru was greatly pleased with you.
You visited 2 branches of the dungeon, and saw 11 of its levels.
You also visited: Ossuary.

You collected 768 gold pieces.

Inventory:

Hand Weapons
 a - a +0 long sword (weapon)
 j - a +0 flail of holy wrath
Missiles
 E - 2 throwing nets (quivered)
Armour
 b - a +0 scale mail (worn)
 c - a +0 buckler (worn)
 f - a +0 pair of boots (worn)
Jewellery
 o - a ring of flight
 q - a ring of poison resistance (right hand)
 x - the ring "Unnuoth" (left hand) {Will+ MP+9 EV+4 Dex+2}
   (You found it on level 5 of the Dungeon)

   [ring of evasion]

   EV:        It affects your evasion (+4).
   Dex:       It affects your dexterity (+2).
   MP:        It affects your magic capacity (+9).
   Will:      It increases your willpower.
 y - a ring of protection from fire
 F - a ring of wizardry
Wands
 e - a wand of mindburst (17)
 n - a wand of iceblast (30)
 A - a wand of flame (24)
Scrolls
 d - a scroll of fog
 h - a scroll of silence
 i - 5 scrolls of immolation
 l - 5 scrolls of teleportation
 s - a scroll of magic mapping {unknown}
 w - 2 scrolls of vulnerability {unknown}
 z - a scroll of enchant armour {unknown}
 C - 2 scrolls of amnesia
Potions
 g - a potion of attraction {unknown}
 k - 2 potions of brilliance
 m - a potion of cancellation
 p - a potion of invisibility
 r - 2 potions of experience
 t - 4 potions of curing
 u - a potion of might
 v - a potion of berserk rage {unknown}
 B - 3 potions of mutation
 D - a potion of ambrosia {unknown}
 G - a potion of heal wounds {unknown}


   Skills:
 + Level 6.8 Fighting
 - Level 10.0 Long Blades
 - Level 5.0 Armour
 - Level 5.0 Shields
 - Level 5.0 Invocations


You had 9 spell levels left.
You didn't know any spells.
Your spell library contained the following spells:

 Spells                   Type           Power      Damage    Failure   Level
 Foxfire                  Conj/Fire      0%         2x1d4     78%         1
 Conjure Flame            Conj/Fire      0%         6-21      98%         3
 Dazzling Flash           Conj/Hex       0%         N/A       98%         3
 Inner Flame              Hex/Fire       0%         N/A       98%         3
 Portal Projectile        Hex/Tloc       0%         N/A       98%         3
 Flame Wave               Conj/Fire      0%         2d4       100%        4
 Agony                    Necr           0%         N/A       100%        5
 Blade Hands              Tmut           0%         N/A       100%        5
 Excruciating Wounds      Necr           0%         N/A       100%        5
 Silence                  Hex/Air        0%         N/A       100%        5


Dungeon Overview and Level Annotations

Branches:
Dungeon (10/15)            Temple (1/1) D:4         Ossuary (visited)
   Lair: D:8-11         Orc: D:9-12

Altars:
Ashenzari
Cheibriados
Dithmenos
Elyvilon
Fedhas
Gozag
Hepliaklqana
Kikubaaqudgha
Makhleb
Nemelex Xobeh
Okawaru
Qazlal
Ru
Sif Muna
Trog
Uskayaw
Vehumet
Wu Jian
Xom
Yredelemnul
Zin
The Shining One

Shops:
D:7 !

Annotations:
D:7 1 runed translucent door, Estrea's ghost, novice MiGl
D:9 3 runed translucent doors, Qawul's ghost, novice DEEE
D:10 exclusion: orange crystal statue


Innate Abilities, Weirdness & Mutations

You have razor-sharp teeth.
Your natural rate of healing is unusually fast.
When hurt, damage is shared between your health and your magic reserves.
Your bite disrupts and absorbs the magic of your enemies.
Potions cannot restore your health.


Message History

The acid dragon spits acid at you. The splash of acid hits you!
The acid corrodes you! The yak gores you but does no damage.
The shadow completely misses you. The howler monkey hits you.
You climb upwards.
Level annotation: 3 runed translucent doors, Qawul's ghost, novice DEEE
There is a stone staircase leading down here.
You hit the shadow but do no damage. You bite the shadow, but do no damage.
The shadow completely misses you.
You hit the shadow. Your bite misses the shadow.
The shadow is lightly damaged.
The shadow hits you!
* * * LOW HITPOINT WARNING * * *
You hit the shadow but do no damage. Your bite misses the shadow.
The shadow is lightly damaged.
The shadow barely misses you.
You closely miss the shadow.
The shadow is lightly damaged.
The shadow hits you.
You hit the shadow. Your bite misses the shadow.
The shadow is lightly damaged.
The shadow slips into darkness.
The shadow flickers and vanishes!
Deactivating autopickup; reactivate with Ctrl-A.
You hit something but do no damage. Your bite misses something.
The shadow strikes at you from the darkness!
* * * LOW HITPOINT WARNING * * *
Reactivating autopickup.
You hit the shadow but do no damage. You bite the shadow. You drain its power.
You feel invigorated.
The shadow is moderately damaged.
The shadow closely misses you.
You hit the shadow but do no damage.
The shadow is moderately damaged.
The shadow slips into darkness.
The shadow flickers and vanishes!
Deactivating autopickup; reactivate with Ctrl-A.
The shadow strikes at you from the darkness!
Ouch! That really hurt!
You die...

#.# ######'####
###... #.# #..†.#
###' #.#
##########'## #. #.#
#...........# #. #.#
#...........# #. #.#
#...........#######.
#.#
#>..........#.......
#.#
#..........('.###...
#.# #..@........###
#.## #.#
#...........# ###.#
#.# ########'####
#...# #.# #.# #.###
#.# ###.# #.# ##.#
##...# ##'#### #..#
#..### #...... #.##
####.########......
##'####
#..........##......


There were no monsters in sight!

Vanquished Creatures
  Maurice (D:8)
  3 hornets
  A wraith (D:9)
  A steam dragon (D:9)
  Menkaure (D:6)
  An acid dragon (D:9)
  3 water moccasins
  2 sky beasts
  4 orc warriors
  An ice beast (D:8)
  2 centaurs
  A necrophage (D:6)
  An elf zombie (Ossuary)
  2 kobold brigands
  2 bullfrogs (D:8)
  A wyvern zombie (D:7)
  Blork the orc (D:4)
  2 scorpions
  A wyvern skeleton (D:4)
  10 killer bees (D:9)
  4 wights (D:8)
  2 howler monkeys (D:9)
  2 centaur zombies (D:8)
  3 hounds
  8 orc priests
  A human zombie (Ossuary)
  2 centaur skeletons (D:5)
  5 iguanas
  9 orc wizards
  2 hound skeletons
  2 mummies (Ossuary)
  A howler monkey zombie (D:6)
  A gnoll (D:1)
  7 adders
  A white imp (D:7)
  2 ufetubi
  An adder skeleton (D:5)
  4 worms
  3 dart slugs
  21 orcs
  5 endoplasms
  4 giant cockroaches
  2 gnoll zombies (Ossuary)
  8 goblins
  5 hobgoblins
  8 jackals
  9 kobolds
  4 quokkas
  5 ball pythons
  11 bats
  4 frilled lizards
  4 goblin zombies (Ossuary)
  2 hobgoblin zombies (Ossuary)
  4 orc zombies (Ossuary)
  8 rats
205 creatures vanquished.

Vanquished Creatures (others)
  2 plants (D:9)
2 creatures vanquished.

Grand Total: 207 creatures vanquished

Notes
Turn   | Place    | Note
-------+----------+-------------------------------------------
     0 | D:1      | BALLS the Vine Stalker Fighter began the quest for the Orb.
     0 | D:1      | Reached XP level 1. HP: 11/11 MP: 2/2
   127 | D:1      | Found a faded altar of an unknown god.
   165 | D:1      | Reached XP level 2. HP: 16/16 MP: 3/3
   197 | D:1      | Reached skill level 2 in Long Blades
   682 | D:1      | Reached XP level 3. HP: 11/20 MP: 4/4
  1171 | D:2      | Gained mutation: Your natural rate of healing is unusually
                  | fast. [Vine Stalker growth]
  1171 | D:2      | Reached XP level 4. HP: 21/24 MP: 3/5
  1175 | D:2      | Reached skill level 3 in Long Blades
  1244 | D:2      | Found a shadowy altar of Dithmenos.
  1431 | D:2      | Reached XP level 5. HP: 28/28 MP: 6/6
  1769 | D:3      | Reached skill level 4 in Long Blades
  2391 | D:4      | Reached skill level 5 in Long Blades
  2391 | D:4      | Reached XP level 6. HP: 32/32 MP: 7/7
  2541 | D:4      | Found a staircase to the Ecumenical Temple.
  2546 | Temple   | Entered the Ecumenical Temple
  2629 | Temple   | Became a worshipper of Warmaster Okawaru
  2698 | D:4      | Noticed Blork the orc
  2716 | D:4      | Killed Blork the orc
  2717 | D:4      | Reached skill level 6 in Long Blades
  2784 | D:4      | Found a sand-covered staircase.
  2789 | Ossuary  | Entered an ossuary
  2815 | Ossuary  | Reached XP level 7. HP: 29/36 MP: 8/8
  3403 | D:4      | Found an opulent altar of Gozag.
  3627 | D:4      | You fall into a shaft and drop 2 floors!
  3627 | D:6      | Noticed Menkaure
  3632 | D:6      | Killed Menkaure
  3632 | D:6      | Reached * piety under Okawaru
  3633 | D:6      | Reached skill level 7 in Long Blades
  3898 | D:6      | Reached skill level 5 in Fighting
  3898 | D:6      | Gained mutation: You have razor-sharp teeth. [Vine Stalker
                  | growth]
  3898 | D:6      | Reached XP level 8. HP: 19/43 MP: 5/9
  4031 | D:5      | Entered Level 5 of the Dungeon
  4037 | D:5      | Reached skill level 1 in Invocations
  4510 | D:5      | Reached ** piety under Okawaru
  4581 | D:5      | Identified the ring "Unnuoth" {Will+ MP+9 EV+4 Dex+2}
  5091 | D:5      | Noticed a hornet
  5102 | D:5      | Killed a hornet
  5276 | D:6      | Reached skill level 5 in Invocations
  5791 | D:7      | Found Curiaf's Distillery.
  5840 | D:7      | Reached XP level 9. HP: 43/47 MP: 13/13
  6143 | D:7      | Found a runed translucent door.
  6180 | D:7      | Noticed Estrea's ghost (novice MiGl)
  6318 | D:7      | Reached skill level 5 in Armour
  6523 | D:8      | Noticed Maurice
  6697 | D:8      | Killed Maurice
  6697 | D:8      | Reached *** piety under Okawaru
  6698 | D:8      | Reached skill level 5 in Shields
  6927 | D:8      | Reached skill level 8 in Long Blades
  7346 | D:8      | Noticed a hornet
  7363 | D:8      | Killed a hornet
  7364 | D:8      | Reached XP level 10. HP: 43/53 MP: 14/14
  7380 | D:8      | Reached **** piety under Okawaru
  7653 | D:9      | Reached skill level 9 in Long Blades
  7818 | D:9      | Found a runed translucent gate.
  7818 | D:9      | Found a runed translucent gate.
  7818 | D:9      | Found a runed translucent gate.
  7819 | D:9      | Noticed a nine-headed hydra
  7819 | D:9      | Noticed Qawul's ghost (novice DEEE)
  7819 | D:9      | Noticed an 11-headed hydra
  8683 | D:9      | Reached skill level 10 in Long Blades
  8748 | D:9      | Noticed a manticore
  8800 | D:10     | Entered Level 10 of the Dungeon
  8800 | D:10     | Noticed an orange crystal statue
  8823 | D:9      | Demolished by a shadow

Illustrated notes

Levels and vault maps discovered:
D:1:      mrwooster_arrival_arrow, layout_basic,
          hellmonk_ecumenical_altar_dog_temple
D:2:      layout_basic, basic_altar, minmay_octomino_e4
D:3:      layout_basic
D:4:      layout_basic, mainiacjoe_overflow_24_doors, minmay_temple_entry_tees,
          gup_sewer_entry_spiral, nicolae_ossuary_entry_false_entrances,
          uniq_blork_the_orc
D:5:      layout_gridville
D:6:      layout_loops_ring, kennysheep_small_circle, uniq_menkaure
D:7:      layout_loops_cross, hellmonk_ghost_happy_afterlife, serial_shops,
          nicolae_stop_n_shop_2
D:8:      hellmonk_crumbling_castle, layout_basic, uniq_maurice
D:9:      layout_roguey, gammafunk_ghost_hydra_chop, minmay_fractal_squares_5
D:10:     layout_gridville, minmay_orc_entry_temple_small, enter_bailey_2,
          minmay_misc_feat_more_columns, minmay_misc_feat_roman,
          minmay_protected_statue
Temple:   mainiacjoe_temple_starburst

Skill      XL: |  1  2  3  4  5  6  7  8  9 10 |
---------------+-------------------------------+-----
Long Blades    | 2 3 5 6 7 8 10 | 10.0
Fighting       | 3 5 6 |  6.8
Shields        | 3 5 |  5.0
Invocations    | 5 |  5.0
Armour         | 4 5 |  5.0

Action                   |  1- 3 |  4- 6 |  7- 9 | 10-12 || total
-------------------------+-------+-------+-------+-------++-------
Melee: Long sword        |    67 |   161 |   375 |   148 ||   751
       Bite              |    10 |    45 |   101 |    35 ||   191
Invok: Heroism           |       |       |     3 |     5 ||     8
  Use: Scroll            |       |     7 |     6 |     2 ||    15
       Potion            |       |     1 |     1 |       ||     2
Armor: Scale mail        |    29 |    70 |   123 |    32 ||   254
Dodge: Dodged            |    26 |    98 |   187 |    88 ||   399
Block: Buckler           |    10 |    39 |    89 |    42 ||   180
